3A
LOUISIANA DRAGOONS @ HARRISBURG HARRIERS
05/17/2021
 
TOP OF THE 1ST
Louisiana Dragoons batting - Pitching for Harrisburg Harriers : LHP Jeff Schneider
Pitching: LHP Jeff Schneider
Batting: RHB Sancho Rodríguez 0-0: Called Strike
0-1: Foul Ball, location: 2F
0-2: Foul Ball, location: 2F
0-2: Foul Ball, location: 2F
0-2: Strikes out swinging
Batting: RHB Marlon Cummins 0-0: SINGLE (Flyball, 8RS)
Batting: LHB Manny Hernández 0-0: Ball
1-0: Foul Ball, location: 2F
1-1: Ball
2-1: SINGLE (Groundball, 34D)
Marlon Cummins to second
Runner from 2nd tries for 3rd, SAFE, throw made to third
Batting: SHB Phil Moore 0-0: Ball
1-0: Ball
2-0: Called Strike
2-1: Called Strike
2-2: Ball
3-2: Strikes out swinging
Batting: RHB Al Thomas 0-0: Called Strike
0-1: Ball
1-1: Ball
2-1: Foul Ball, location: 2F
2-2: Ball
3-2: Ground out 6-3 (Groundball, 56)
Top of the 1st over - 0 run(s), 2 hit(s), 0 error(s), 2 left on base; Louisiana 0 - Harrisburg 0
BOTTOM OF THE 1ST
Harrisburg Harriers batting - Pitching for Louisiana Dragoons : RHP Iván Castillo
Pitching: RHP Iván Castillo
Batting: RHB Patrizio Vanali 0-0: Called Strike
0-1: Ball
1-1: Foul Ball, location: 2F
1-2: Ground out 1-3 (Groundball, 13S)
Batting: LHB Salvador Avilés 0-0: Swinging Strike
0-1: Ball
1-1: Fly out, F5 (Popup, 5DF)
Batting: RHB Bartolo Morales 0-0: Ball
1-0: Fly out, F9 (Flyball, 9LM)
Bottom of the 1st over - 0 run(s), 0 hit(s), 0 error(s), 0 left on base; Louisiana 0 - Harrisburg 0
TOP OF THE 2ND
Louisiana Dragoons batting - Pitching for Harrisburg Harriers : LHP Jeff Schneider
Batting: SHB Manuel González 0-0: Ball
1-0: Called Strike
1-1: Ball
2-1: Called Strike
2-2: Strikes out swinging
Batting: LHB Gustavo Vázquez 0-0: Ball
1-0: Called Strike
1-1: Foul Ball, location: 2F
1-2: Ground out 4-3 (Groundball, 4)
Batting: LHB Willie Brown 0-0: Called Strike
0-1: Ball
1-1: Ball
2-1: Foul Ball, location: 2F
2-2: Ball
3-2: Base on Balls
Batting: RHB Wessel Wemerman 0-0: Called Strike
0-1: Foul Ball, location: 2F
0-2: Foul Ball, location: 2F
0-2: Foul Ball, location: 2F
0-2: Strikes out swinging
Top of the 2nd over - 0 run(s), 0 hit(s), 0 error(s), 1 left on base; Louisiana 0 - Harrisburg 0
BOTTOM OF THE 2ND
Harrisburg Harriers batting - Pitching for Louisiana Dragoons : RHP Iván Castillo
Batting: LHB Héctor Torres 0-0: Ball
1-0: Swinging Strike
1-1: Ball
2-1: Ball
3-1: Called Strike
3-2: Foul Ball, location: 2F
3-2: Strikes out swinging
Batting: RHB Jorge Figueroa 0-0: Called Strike
0-1: Foul Ball, location: 2F
0-2: Strikes out swinging
Batting: SHB Alonso Solís 0-0: Swinging Strike
0-1: Ball
1-1: Ball
2-1: Swinging Strike
2-2: Strikes out swinging
Bottom of the 2nd over - 0 run(s), 0 hit(s), 0 error(s), 0 left on base; Louisiana 0 - Harrisburg 0
TOP OF THE 3RD
Louisiana Dragoons batting - Pitching for Harrisburg Harriers : LHP Jeff Schneider
Batting: RHB Sancho Rodríguez 0-0: Swinging Strike
0-1: DOUBLE (Flyball, 9LM)
Batting: RHB Marlon Cummins 0-0: Called Strike
0-1: SINGLE (Line Drive, 56)
Sancho Rodríguez to third
Batting: LHB Manny Hernández 0-0: Ball
1-0: Ball
2-0: Called Strike
2-1: Foul Ball, location: 2F
2-2: Foul Ball, location: 2F
2-2: SINGLE (Line Drive, 8RS)
Sancho Rodríguez scores
Marlon Cummins to second
Batting: SHB Phil Moore 0-0: Called Strike
0-1: Swinging Strike
0-2: Ball
1-2: Ball
2-2: Fly out, F8 (Flyball, 8RM)
Batting: RHB Al Thomas 0-0: Called Strike
0-1: Called Strike
0-2: Ball
1-2: Grounds into double play, 5-4-3 (Groundball, 5)
Top of the 3rd over - 1 run(s), 3 hit(s), 0 error(s), 1 left on base; Louisiana 1 - Harrisburg 0
BOTTOM OF THE 3RD
Harrisburg Harriers batting - Pitching for Louisiana Dragoons : RHP Iván Castillo
Batting: RHB Jim Scott 0-0: Ball
1-0: Ball
2-0: Ball
3-0: Called Strike
3-1: Called Strike
3-2: Strikes out swinging
Batting: RHB Henrique Shearman 0-0: Called Strike
0-1: Called Strike
0-2: Strikes out swinging
Batting: RHB Roberto Escues 0-0: Called Strike
0-1: Called Strike
0-2: Ball
1-2: Ball
2-2: Strikes out swinging
Bottom of the 3rd over - 0 run(s), 0 hit(s), 0 error(s), 0 left on base; Louisiana 1 - Harrisburg 0
TOP OF THE 4TH
Louisiana Dragoons batting - Pitching for Harrisburg Harriers : LHP Jeff Schneider
Batting: SHB Manuel González 0-0: Ball
1-0: Called Strike
1-1: Called Strike
1-2: Strikes out swinging
Batting: LHB Gustavo Vázquez 0-0: Ball
1-0: Ball
2-0: Foul Ball, location: 2F
2-1: Foul Ball, location: 2F
2-2: Foul Ball, location: 2F
2-2: Ball
3-2: Hit by Pitch
Batting: LHB Willie Brown 0-0: Ball
1-0: Swinging Strike
1-1: Swinging Strike
1-2: Ball
Gustavo Vázquez steals 2nd base
2-2: Ball
3-2: Strikes out swinging
Batting: RHB Wessel Wemerman 0-0: Ball
1-0: Swinging Strike
1-1: Called Strike
1-2: Strikes out swinging
Top of the 4th over - 0 run(s), 0 hit(s), 0 error(s), 1 left on base; Louisiana 1 - Harrisburg 0
BOTTOM OF THE 4TH
Harrisburg Harriers batting - Pitching for Louisiana Dragoons : RHP Iván Castillo
Batting: RHB Patrizio Vanali 0-0: Ball
1-0: Ball
2-0: Ball
3-0: Called Strike
3-1: Ground out 5-3 (Groundball, 56)
Batting: LHB Salvador Avilés 0-0: Foul Ball, location: 2F
0-1: Foul Ball, location: 2F
0-2: Strikes out swinging
Batting: RHB Bartolo Morales 0-0: Called Strike
0-1: Swinging Strike
0-2: Ball
1-2: Ball
2-2: Strikes out looking
Bottom of the 4th over - 0 run(s), 0 hit(s), 0 error(s), 0 left on base; Louisiana 1 - Harrisburg 0
TOP OF THE 5TH
Louisiana Dragoons batting - Pitching for Harrisburg Harriers : LHP Jeff Schneider
Batting: RHB Sancho Rodríguez 0-0: SINGLE (Line Drive, 56)
Batting: RHB Marlon Cummins 0-0: Sac Bunt - play at first, batter OUT! 1-4
Sancho Rodríguez to second
Batting: LHB Manny Hernández 0-0: Ball
1-0: Ball
2-0: Ball
3-0: Base on Balls
Batting: SHB Phil Moore 0-0: Ball
1-0: Ball
2-0: Called Strike
2-1: Called Strike
2-2: Foul Ball, location: 2F
2-2: Foul Ball, location: 2F
2-2: Foul Ball, location: 2F
2-2: SINGLE (Line Drive, 89S)
Sancho Rodríguez to third
Manny Hernández to second
Runner from 3rd tries for Home, SAFE, no throw or cutoff
Batting: RHB Al Thomas 0-0: Ball
1-0: Foul Ball, location: 2F
1-1: Foul Ball, location: 2F
1-2: Strikes out swinging
Batting: SHB Manuel González 0-0: Ball
1-0: Ball
2-0: Fly out, F8 (Flyball, 8RM)
Top of the 5th over - 1 run(s), 2 hit(s), 0 error(s), 2 left on base; Louisiana 2 - Harrisburg 0
BOTTOM OF THE 5TH
Harrisburg Harriers batting - Pitching for Louisiana Dragoons : RHP Iván Castillo
Batting: LHB Héctor Torres 0-0: Ball
1-0: Ball
2-0: Ball
3-0: Called Strike
3-1: Called Strike
3-2: Base on Balls
Batting: RHB Jorge Figueroa 0-0: Grounds into double play, U4-3 (Groundball, 4)
Batting: SHB Alonso Solís 0-0: Ball
1-0: Ball
2-0: Fly out, F3 (Popup, 13)
Bottom of the 5th over - 0 run(s), 0 hit(s), 0 error(s), 0 left on base; Louisiana 2 - Harrisburg 0
TOP OF THE 6TH
Louisiana Dragoons batting - Pitching for Harrisburg Harriers : LHP Jeff Schneider
Batting: LHB Gustavo Vázquez 0-0: Ball
1-0: Ball
2-0: SINGLE (Flyball, 89S)
Batting: LHB Willie Brown 0-0: Ball
Wild Pitch!
Gustavo Vázquez to second
1-0: Ball
2-0: Called Strike
2-1: Called Strike
2-2: Ground out U3 (Groundball, 3)
Gustavo Vázquez to third
Batting: RHB Wessel Wemerman 0-0: Called Strike
0-1: SINGLE (Line Drive, 6D)
Gustavo Vázquez scores
Batting: RHB Sancho Rodríguez 0-0: Ball
Wessel Wemerman steals 2nd base
1-0: Ball
2-0: Foul Ball, location: 2F
2-1: Foul Ball, location: 2F
2-2: Ground out 5-3 (Groundball, 5L)
Batting: RHB Marlon Cummins 0-0: Ball
1-0: Ball
2-0: Called Strike
2-1: SINGLE (Popup, 6MD)
Wessel Wemerman to third
Runner from 3rd tries for Home, SAFE, no throw or cutoff
Batting: LHB Manny Hernández 0-0: Ball
1-0: Called Strike
1-1: Foul Ball, location: 2F
1-2: Ball
Marlon Cummins steals 2nd base
2-2: Ball
3-2: Fly out, F9 (Flyball, 89M)
Top of the 6th over - 2 run(s), 3 hit(s), 0 error(s), 1 left on base; Louisiana 4 - Harrisburg 0
BOTTOM OF THE 6TH
Harrisburg Harriers batting - Pitching for Louisiana Dragoons : RHP Iván Castillo
Batting: RHB Jim Scott 0-0: Called Strike
0-1: DOUBLE (Line Drive, 7LM)
Batting: RHB Henrique Shearman 0-0: Fly out, F7 (Flyball, 78S)
Batting: RHB Roberto Escues 0-0: Called Strike
0-1: Swinging Strike
0-2: Ball
1-2: Ball
2-2: Strikes out swinging
Batting: RHB Patrizio Vanali 0-0: Ball
1-0: Called Strike
1-1: Called Strike
1-2: Strikes out swinging
Bottom of the 6th over - 0 run(s), 1 hit(s), 0 error(s), 1 left on base; Louisiana 4 - Harrisburg 0
TOP OF THE 7TH
Louisiana Dragoons batting - Pitching for Harrisburg Harriers : LHP Jeff Schneider
Batting: SHB Phil Moore 0-0: Called Strike
0-1: Fly out, F8 (Line Drive, 8RXD)
Batting: RHB Al Thomas 0-0: Ball
1-0: Called Strike
1-1: Ball
2-1: Ball
3-1: SINGLE (Flyball, 9LM)
Pitching: LHP David Sherratt
Batting: SHB Manuel González 0-0: Swinging Strike
0-1: Swinging Strike
0-2: Ball
1-2: Ball
2-2: Foul Ball, location: 2F
2-2: SINGLE (Groundball, 56)
Al Thomas to second
Batting: LHB Gustavo Vázquez 0-0: Ball
1-0: Swinging Strike
1-1: Grounds out, U3 (Groundball, 3L)
Al Thomas to third
Batting: LHB Willie Brown 0-0: Foul Ball, location: 2F
0-1: Ball
1-1: SINGLE (Groundball, 34)
Al Thomas scores
Manuel González to third
Runner from 3rd tries for Home, SAFE, no throw or cutoff
Batting: RHB Wessel Wemerman 0-0: Called Strike
0-1: Called Strike
0-2: Ball
1-2: Ball
2-2: Foul Ball, location: 2F
2-2: Foul Ball, location: 2F
2-2: Strikes out looking
Top of the 7th over - 2 run(s), 3 hit(s), 0 error(s), 1 left on base; Louisiana 6 - Harrisburg 0
BOTTOM OF THE 7TH
Harrisburg Harriers batting - Pitching for Louisiana Dragoons : RHP Iván Castillo
Batting: LHB Salvador Avilés 0-0: Ball
1-0: Fly out, F6 (Popup, 6S)
Batting: RHB Bartolo Morales 0-0: Ball
1-0: Ball
2-0: Called Strike
2-1: Foul Ball, location: 2F
2-2: Strikes out swinging
Batting: LHB Héctor Torres 0-0: Ball
1-0: Ball
2-0: Called Strike
2-1: Ground out 4-3 (Groundball, 34)
Bottom of the 7th over - 0 run(s), 0 hit(s), 0 error(s), 0 left on base; Louisiana 6 - Harrisburg 0
TOP OF THE 8TH
Louisiana Dragoons batting - Pitching for Harrisburg Harriers : LHP David Sherratt
Batting: RHB Sancho Rodríguez 0-0: Ball
1-0: Ball
2-0: Called Strike
2-1: TRIPLE (Flyball, 89M)
Batting: RHB Marlon Cummins 0-0: Ball
1-0: Ball
2-0: Ball
3-0: Called Strike
3-1: Base on Balls
Batting: LHB Manny Hernández 0-0: Called Strike
0-1: Called Strike
0-2: Ball
1-2: Ball
2-2: Ball
Wild Pitch!
Sancho Rodríguez scores
Marlon Cummins to second
3-2: Base on Balls
Batting: SHB Phil Moore 0-0: Called Strike
0-1: Ball
1-1: Called Strike
1-2: Ball
2-2: Foul Ball, location: 2F
2-2: Strikes out swinging
Batting: RHB Al Thomas 0-0: Ball
1-0: Swinging Strike
1-1: SINGLE (Groundball, 56D)
Marlon Cummins to third
Manny Hernández to second
Runner from 3rd tries for Home, SAFE, throw made home
Batting: SHB Manuel González 0-0: Foul Ball, location: 2F
0-1: Swinging Strike
0-2: Ball
1-2: Strikes out swinging
Batting: LHB Gustavo Vázquez 0-0: Ball
1-0: Foul Ball, location: 2F
1-1: Ball
2-1: Swinging Strike
2-2: Strikes out swinging
Top of the 8th over - 2 run(s), 2 hit(s), 0 error(s), 2 left on base; Louisiana 8 - Harrisburg 0
BOTTOM OF THE 8TH
Harrisburg Harriers batting - Pitching for Louisiana Dragoons : RHP Iván Castillo
Pinch Hitting: LHB Jim Unknown 0-0: Ball
1-0: Called Strike
1-1: Fly out, F7 (Flyball, 78M)
Batting: SHB Alonso Solís 0-0: Ball
1-0: Ball
2-0: Called Strike
2-1: Foul Ball, location: 2F
2-2: Ball
3-2: Fly out, F2 (Popup, 2LF)
Batting: RHB Jim Scott 0-0: Foul Ball, location: 2F
0-1: Ball
1-1: Swinging Strike
1-2: Ground out 6-3 (Groundball, 6)
Bottom of the 8th over - 0 run(s), 0 hit(s), 0 error(s), 0 left on base; Louisiana 8 - Harrisburg 0
TOP OF THE 9TH
Louisiana Dragoons batting - Pitching for Harrisburg Harriers : LHP David Sherratt
Pitching: RHP Jim Unknown
Now in LF: Jim Unknown
Batting: LHB Willie Brown 0-0: Foul Ball, location: 2F
0-1: Swinging Strike
0-2: Strikes out swinging
Batting: RHB Wessel Wemerman 0-0: Ground out 5-3 (Groundball, 56)
Batting: RHB Sancho Rodríguez 0-0: Ball
1-0: Called Strike
1-1: TRIPLE (Line Drive, 89M)
Batting: RHB Marlon Cummins 0-0: Ball
1-0: Ball
2-0: Called Strike
2-1: Ball
3-1: Base on Balls
Batting: LHB Manny Hernández 0-0: Ball
1-0: Called Strike
1-1: Foul Ball, location: 2F
1-2: Foul Ball, location: 2F
1-2: Strikes out swinging
Top of the 9th over - 0 run(s), 1 hit(s), 0 error(s), 2 left on base; Louisiana 8 - Harrisburg 0
BOTTOM OF THE 9TH
Harrisburg Harriers batting - Pitching for Louisiana Dragoons : RHP Iván Castillo
Now in RF: Juan Barbán
Pinch Hitting: LHB Jim Unknown 0-0: Called Strike
0-1: Called Strike
0-2: Ball
1-2: Foul Ball, location: 2F
1-2: Foul Ball, location: 2F
1-2: Foul Ball, location: 2F
1-2: Strikes out swinging
Batting: RHB Roberto Escues 0-0: Ball
1-0: Swinging Strike
1-1: Foul Ball, location: 2F
1-2: Ball
2-2: Strikes out swinging
Batting: RHB Patrizio Vanali 0-0: SINGLE (Line Drive, 9S)
Batting: LHB Salvador Avilés Pickoff Throw to First - Error! E1
Patrizio Vanali to second
0-0: Foul Ball, location: 2F
0-1: SINGLE (Groundball, 6MD)
Patrizio Vanali to third
Runner from 3rd tries for Home, SAFE, no throw or cutoff
Batting: RHB Bartolo Morales 0-0: Foul Ball, location: 2F
0-1: Swinging Strike
0-2: Foul Ball, location: 2F
0-2: Ball
1-2: Fly out, F8 (Flyball, 8LM)
Bottom of the 9th over - 1 run(s), 2 hit(s), 1 error(s), 1 left on base; Louisiana 8 - Harrisburg 1
This league is powered by Out of the Park Baseball, the baseball management simulation game for PC, Mac and Linux
Friday, January 22nd, 2016 - OOTP Baseball 16.9 Build 39